 Dungeon Crawl Stone Soup version 0.16.2-2-g470672f (webtiles) character file.

1351 monobi the Covert (level 8, -2/52 HPs)
             Began as an Octopode Monk on Sept 4, 2015.
             Was an Elder of Nemelex Xobeh.
             Slain by a centaur (5 damage)
             ... on level 6 of the Dungeon.
             The game lasted 00:15:12 (6302 turns).

monobi the Covert (Octopode Monk)                   Turns: 6302, Time: 00:15:12

Health: -2/52      AC:  1    Str: 16    XL:     8   Next: 63%
Magic:  17/17      EV: 10    Int: 12    God:    Nemelex Xobeh [****..]
Gold:   189        SH:  8    Dex: 16    Spells: 0 memorised, 7 levels left

rFire  + . .     SeeInvis .       - Unarmed
rCold  + . .     Clarity  .     l - +1 shield
rNeg   . . .     SustAb   .     (helmet restricted)
rPois  +         Gourm    .     (no amulet)
rElec  +         Spirit   .     e - ring of magical power
rCorr  +         Warding  .     s - ring of teleportation
rMut   .         Rnd*Tele +     (no ring)
MR     .....                    (no ring)
Stlth  ++++++....               (no ring)
                                (no ring)
                                (no ring)
                                (no ring)

@: mighty, resistant, not resistant to hostile enchantments, very stealthy
A: almost no armour, amphibious, 8 rings, constrict 8, camouflage 1, gelatinous
body 1
a: Triple Draw, Deal Four, Renounce Religion, Evoke Teleportation


You were on level 6 of the Dungeon.
You worshipped Nemelex Xobeh.
Nemelex Xobeh was greatly pleased with you.
You were hungry.

You visited 2 branches of the dungeon, and saw 7 of its levels.

You collected 189 gold pieces.

Inventory:

Hand weapons
 d - a +0 dagger
 k - a +2 short sword of venom
Armour
 c - the +3 buckler "Boluphif" {+Inv rPois rN++ Str-5 Stlth-}
   (You found it on level 6 of the Dungeon)

   It affects your strength (-5).
   It protects you from poison.
   It greatly protects you from negative energy.
   It lets you turn invisible.
   It makes you less stealthy.
 l - a +1 shield (worn)
Jewellery
 e - a ring of magical power (left tentacle)
 s - a ring of teleportation (right tentacle)
Magical devices
 t - a wand of cold (8)
 v - a wand of magic darts (47)
Scrolls
 a - a scroll of identify
 u - 2 scrolls of immolation
 x - a scroll of enchant armour
Potions
 g - 2 potions of restore abilities
Miscellaneous
 h - a plain deck of war
 i - an ornate deck of war
 n - a plain deck of wonders {drawn: 1}
 o - a legendary deck of destruction {Degeneration, drawn: 6}
 p - an ornate deck of war {drawn: 1}
 q - a plain deck of war
 r - a plain deck of destruction {Venom}
 w - a plain deck of destruction {Vitriol}
Comestibles
 b - 7 bread rations
 m - 2 meat rations


   Skills:
 - Level 3.1 Fighting
 - Level 3.1 Dodging
 + Level 10.4 Stealth
 + Level 8.3 Unarmed Combat


You had 7 spell levels left.
You didn't know any spells.

Dungeon Overview and Level Annotations

Branches:
Dungeon (6/15)             Temple (1/1) D:6

Altars:
Ashenzari
Cheibriados
Elyvilon
Fedhas
Gozag
Kikubaaqudgha
Makhleb
Nemelex Xobeh
Okawaru
Ru
Sif Muna
Trog
Vehumet
Xom
The Shining One


Innate Abilities, Weirdness & Mutations

You cannot wear most types of armour.
You are amphibious.
You can wear up to eight rings at the same time.
You can use your tentacles to constrict many enemies at once.
Your skin changes colour to match your surroundings (Stealth).
Your rubbery body absorbs attacks (AC +1).


Message History

You are too injured to fight recklessly!
You barely miss the centaur. You squeeze the centaur.
The centaur is heavily wounded.
The centaur hits you.
* * * LOW HITPOINT WARNING * * *
You tentacle-slap the centaur.
The centaur is severely wounded.
The centaur barely misses you. The centaur hits you.
* * * LOW HITPOINT WARNING * * *
Drink which item? (? for menu, Esc to quit)
It was a potion of resistance.
You feel protected. The centaur hits you.
* * * LOW HITPOINT WARNING * * *
Drink which item? (? for menu, Esc to quit)
It was a potion of might.
You feel very mighty all of a sudden. The centaur hits you.
You die...
Your body disappears without a glow.

#.......# #.#
###.....# #.#
#.......# #.#
#.....#.# #.#
#.....# .. #.##
###.### #..#
############.#
##.#
#.##............#
#.#
#.......$...(@c.#
#.#
#..##.#########.#
#.# #.# # #†#
####[.##.# # #.#
......##.#
#.###########.#
.....###)#
#.............#
###### #.#
###############
########.#
.........#


You could see a centaur.

Vanquished Creatures
  Grinder (D:3)
  A wyvern (D:3)
  A black bear (D:6)
  A centaur (D:5)
  A giant frog (D:3)
  3 crimson imps
  An orc priest (D:4)
  A goliath beetle (D:6)
  2 hounds (D:5)
  A giant frog skeleton (D:4)
  A jelly (D:5)
  An iguana (D:5)
  A worker ant (D:5)
  5 orc wizards
  8 gnolls
  6 adders
  A shadow imp (D:5)
  3 worms
  An adder skeleton (D:5)
  5 giant geckos
  16 orcs
  8 giant cockroaches
  13 hobgoblins
  22 jackals
  2 quokkas
  6 ball pythons
  10 bats
  3 giant newts
  16 goblins
  20 kobolds
  12 rats
173 creatures vanquished.

Vanquished Creatures (others)
  A kobold (D:3)
1 creature vanquished.

Grand Total: 174 creatures vanquished

Notes
Turn   | Place    | Note
--------------------------------------------------------------
     0 | D:1      | monobi, the Octopode Monk, began the quest for the Orb.
     0 | D:1      | Reached XP level 1. HP: 16/16 MP: 1/1
   109 | D:1      | Reached XP level 2. HP: 2/21 MP: 2/2
   496 | D:1      | Reached XP level 3. HP: 16/26 MP: 3/3
  1002 | D:2      | Reached XP level 4. HP: 29/31 MP: 4/4
  1010 | D:2      | Found a sparkling altar of Nemelex Xobeh.
  1081 | D:2      | Became a worshipper of Nemelex Xobeh the Trickster
  1081 | D:2      | Received a gift from Nemelex Xobeh
  1081 | D:2      | Received a gift from Nemelex Xobeh
  1081 | D:2      | Received a gift from Nemelex Xobeh
  1417 | D:2      | Reached skill level 5 in Stealth
  1489 | D:3      | Reached skill level 5 in Unarmed Combat
  1570 | D:3      | Reached XP level 5. HP: 16/36 MP: 5/5
  2283 | D:3      | Noticed Grinder
  2292 | D:3      | Paralysed by Grinder for 5 turns
  2624 | D:3      | Killed Grinder
  2624 | D:3      | Reached skill level 7 in Stealth
  2624 | D:3      | Reached XP level 6. HP: 42/42 MP: 6/6
  2689 | D:3      | Noticed a wyvern
  2701 | D:3      | Killed a wyvern
  2701 | D:3      | Reached XP level 7. HP: 32/46 MP: 7/7
  2905 | D:3      | Noticed a giant frog
  2911 | D:3      | Killed a giant frog
  2911 | D:3      | Reached skill level 8 in Stealth
  2938 | D:3      | Found a sacrificial altar of Ru.
  3344 | D:4      | Received a gift from Nemelex Xobeh
  3500 | D:4      | Found a blossoming altar of Fedhas.
  3501 | D:4      | Received a gift from Nemelex Xobeh
  3529 | D:4      | Acquired Nemelex Xobeh's first power
  4024 | D:4      | Found an iron altar of Okawaru.
  4484 | D:5      | Entered Level 5 of the Dungeon
  4615 | D:5      | HP: 2/46 [swamp drake (5)]
  4929 | D:5      | Reached XP level 8. HP: 47/52 MP: 8/8
  4939 | D:5      | Reached skill level 9 in Stealth
  4962 | D:5      | Found a glowing golden altar of the Shining One.
  5398 | D:5      | Received a gift from Nemelex Xobeh
  5670 | D:6      | Reached skill level 10 in Stealth
  5676 | D:6      | Got a distressingly furry buckler
  5677 | D:6      | Identified the +3 buckler "Boluphif" {+Inv rPois rN++ Str-5 Stlth-} (You found it on level 6 of the Dungeon)
  5690 | D:6      | Found an opulent altar of Gozag.
  5885 | D:6      | Found a staircase to the Ecumenical Temple.
  5894 | Temple   | Entered the Ecumenical Temple
  5894 | Temple   | Received a gift from Nemelex Xobeh
  5939 | Temple   | Acquired Nemelex Xobeh's second power
  6302 | D:6      | Slain by a centaur

Action                   |  1- 3 |  4- 6 |  7- 9 || total
-------------------------+-------+-------+-------++-------
Melee: Unarmed           |    87 |    91 |   195 ||   373
Evoke: Deck              |       |     1 |     7 ||     8
  Use: Potion            |       |       |     7 ||     7
       Scroll            |       |       |    11 ||    11
 Stab: Sleeping          |     7 |    10 |    22 ||    39
       Distracted        |       |     2 |     1 ||     3
       Paralysed         |       |       |     1 ||     1
  Eat: Beef jerky        |       |     1 |       ||     1
       Meat ration       |       |     1 |     2 ||     3
